Edmonton Oil Kings vs Santa Cruz Tiger Sharks
Created - Thursday, March 23, 2023 at 08:45
Goals
|
| Edmonton Oil Kings |
3 |
2 |
4 |
9 |
| Santa Cruz Tiger Sharks |
0 |
4 |
1 |
5 |
|
Shots
|
| Edmonton Oil Kings |
11 |
8 |
16 |
35 |
| Santa Cruz Tiger Sharks |
11 |
9 |
6 |
26 |
|
1st period
1. Edmonton Oil Kings , Ryan McLeod 4 (Filip Zadina 7, Dysin Mayo 7) at 2:09 (PP)
2. Edmonton Oil Kings , Dysin Mayo 2 (Dawson Mercer 8, Dillon Dube 4) at 8:41 (PP)
3. Edmonton Oil Kings , Dawson Mercer 8 (Filip Zadina 8, Ryan McLeod 6) at 8:47
Penalties :
Michael McLeod (SCS) for Roughing (Minor) at 1:54, Hunter Drew (SCS) for Tripping (Minor) at 5:54, Hunter Drew (SCS) for Tripping (Minor) at 8:36
2nd period
4. Santa Cruz Tiger Sharks , Kailer Yamamoto 1 (Jack Roslovic 4) at 3:28
5. Edmonton Oil Kings , Dawson Mercer 9 (Filip Zadina 9, Dillon Dube 5) at 4:18
6. Santa Cruz Tiger Sharks , David Gustafsson 1 (Evgeny Svechnikov 1, Alexander Volkov 1) at 6:11
7. Edmonton Oil Kings , Dawson Mercer 10 (Dysin Mayo 8, Filip Zadina 10) at 6:19
8. Santa Cruz Tiger Sharks , Kailer Yamamoto 2 (Jack Roslovic 5, Calle Rosen 5) at 10:45
9. Santa Cruz Tiger Sharks , Michael McLeod 4 (Zach Sanford 9, Jesper Boqvist 8) at 18:25
Penalties :
Jack Johnson (EOK) for Hooking (Minor) at 6:41, Kieffer Bellows (SCS) for Tripping (Minor) at 14:41, Travis Boyd (SCS) for Holding (Minor) at 18:41
3rd period
10. Santa Cruz Tiger Sharks , Kailer Yamamoto 3 (Travis Boyd 4, Jack Roslovic 6) at 2:25
11. Edmonton Oil Kings , Ryan McLeod 5 (Dawson Mercer 9) at 5:47
12. Edmonton Oil Kings , Noah Gregor 4 (Dillon Dube 6, Dylan Holloway 1) at 14:30
13. Edmonton Oil Kings , Dylan Holloway 2 (Noah Gregor 7, Dillon Dube 7) at 15:05
14. Edmonton Oil Kings , Noah Gregor 5 (Dawson Mercer 10, Dillon Dube 8) at 15:25 (PP)
Penalties :
Brett Kulak (EOK) for Slashing (Minor) at 10:29, Kailer Yamamoto (SCS) for Tripping (Minor) at 15:08, Ryan McLeod (EOK) for Hooking (Minor) at 17:07
Goalie Stats
Karel Vejmelka (EOK), 21 saves from 26 shots - (0.808), W, 5-1-0, 60:00 minutes
Carter Hart (SCS), 9 saves from 13 shots - (0.692), 24:18 minutes
Mikhail Berdin (SCS), 17 saves from 22 shots - (0.773), L, 0-1-0, 35:42 minutes
Players Stats for Edmonton Oil Kings
Player Name G A P +/- PIM S H SB GA TA FO MP PP MP PK MP
------------------------------------------------------------------------------------
Brett Kulak 0 0 0 -3 2 1 1 1 0 3 0/0 23:49 2:51 1:17
Connor McMichael 0 0 0 0 0 2 0 0 0 1 0/1 8:20 0:00 0:00
Dawson Mercer 3 3 6 2 0 6 1 2 1 0 3/7 21:52 3:34 2:02
Dillon Dube 0 5 5 0 0 1 4 0 1 0 0/1 16:57 3:34 1:03
Dylan Holloway 1 1 2 0 0 2 2 0 0 0 4/8 12:07 0:00 0:00
Dysin Mayo 1 2 3 2 0 3 1 2 0 1 0/0 25:04 3:43 3:17
Filip Zadina 0 4 4 2 0 2 1 1 1 1 0/1 19:33 3:00 0:12
Gabriel Carlsson 0 0 0 -3 0 2 0 2 0 0 0/0 23:46 2:51 0:26
Jack Johnson 0 0 0 2 2 1 2 1 0 0 0/0 20:19 0:00 2:25
Joey Anderson 0 0 0 -1 0 3 1 0 2 0 0/0 13:35 3:00 0:00
Josh Mahura 0 0 0 2 0 0 2 1 0 0 0/0 14:53 3:43 1:52
Julien Gauthier 0 0 0 0 0 1 0 1 1 0 1/2 10:00 0:00 1:40
Libor Hajek 0 0 0 2 0 0 0 1 0 0 0/0 12:10 0:00 2:37
Morgan Barron 0 0 0 -1 0 1 1 0 0 0 0/0 12:17 0:00 1:58
Nikita Alexandrov 0 0 0 0 0 1 1 0 0 1 0/2 8:34 0:00 0:00
Noah Gregor 2 1 3 0 0 3 1 0 1 0 0/0 18:47 3:34 2:58
Ryan McLeod 2 1 3 2 2 5 1 1 1 0 17/33 21:32 3:00 2:01
Tyler Angle 0 0 0 -1 0 1 0 0 1 1 6/9 10:25 0:00 0:00
Players Stats for Santa Cruz Tiger Sharks
Player Name G A P +/- PIM S H SB GA TA FO MP PP MP PK MP
------------------------------------------------------------------------------------
Alexander Volkov 0 1 1 -1 0 1 2 0 0 0 1/1 12:44 0:00 1:23
Austin Strand 0 0 0 -3 0 1 1 2 0 1 0/0 28:49 3:21 4:37
Calle Rosen 0 1 1 2 0 1 0 2 1 1 0/0 20:03 2:36 1:57
Carter Rowney 0 0 0 1 0 2 0 0 0 0 0/0 8:37 0:00 0:00
David Gustafsson 1 0 1 1 0 2 1 1 0 0 3/4 8:56 0:08 0:00
Evgeny Svechnikov 0 1 1 1 0 1 2 0 0 0 0/0 8:56 0:08 0:00
Hunter Drew 0 0 0 0 4 0 2 0 0 1 0/0 11:07 0:00 0:00
Jack Roslovic 0 3 3 -1 0 2 1 1 3 2 19/37 22:42 2:56 4:12
Jesper Boqvist 0 1 1 0 0 1 0 0 0 0 1/1 14:39 2:53 0:00
Kailer Yamamoto 3 0 3 -1 2 3 2 2 0 1 1/2 22:24 2:56 3:55
Kevin Rooney 0 0 0 -1 0 1 0 0 0 0 3/11 11:30 0:08 0:00
Kieffer Bellows 0 0 0 -1 2 2 1 1 0 0 0/0 11:19 0:00 0:00
Kristians Rubins 0 0 0 0 0 1 0 0 0 0 0/0 11:08 0:00 0:00
Michael McLeod 1 0 1 0 2 1 2 1 2 0 4/6 16:26 2:53 1:48
Sean Day 0 0 0 2 0 1 1 4 0 2 0/0 20:03 2:36 1:57
Tobias Bjornfot 0 0 0 -3 0 2 0 3 0 1 0/0 28:49 3:21 4:37
Travis Boyd 0 1 1 -1 2 2 1 0 1 0 1/2 19:45 2:56 1:16
Zach Sanford 0 1 1 0 0 2 4 0 1 0 0/0 15:23 2:53 0:34
3 Stars
1 - Dawson Mercer (EOK)
2 - Dillon Dube (EOK)
3 - Ryan McLeod (EOK)
Power Play
Edmonton Oil Kings - 3 on 6 Attempt(s) - 50.00%
Santa Cruz Tiger Sharks - 0 on 3 Attempt(s) - 0.00%
Penalty Kill
Edmonton Oil Kings - 3 on 3 Attempt(s) - 100.00%
- Score 0 goal in Penalty Kill
Santa Cruz Tiger Sharks - 3 on 6 Attempt(s) - 50.00%
- Score 0 goal in Penalty Kill
Team Stat
Edmonton Oil Kings - Hits : 19 - Faceoff Wins : 31 - Blocked Shots : 13 - Penalty Minutes : 6
Santa Cruz Tiger Sharks - Hits : 20 - Faceoff Wins : 33 - Blocked Shots : 17 - Penalty Minutes : 12
Official
Referees : Dave Lewis and Tim Peel
Linesman : Brad Kovachik and Shandor Alphonso
Game Notes
Mikhail Berdin enters game at 4:18 of 2nd period
Dawson Mercer has scored a Hat Trick!
Kailer Yamamoto has scored a Hat Trick!
Edmonton Oil Kings
5 vs 5 Forward
Center Left Wing Right Wing Time % Phy DF OF
1 Ryan McLeod Filip Zadina Dawson Mercer 40 0 2 3
2 Dylan Holloway Noah Gregor Dillon Dube 30 0 2 3
3 Tyler Angle Morgan Barron Joey Anderson 20 0 2 3
4 Nikita Alexandrov Connor McMichael Julien Gauthier 10 0 2 3
5 vs 5 Defense
Defense Defense Time % Phy DF OF
1 Dysin Mayo Jack Johnson 40 1 3 1
2 Brett Kulak Gabriel Carlsson 40 1 4 0
3 Libor Hajek Josh Mahura 20 1 3 1
4 Dysin Mayo Jack Johnson 0 1 2 2
PowerPlay Forward
Center Left Wing Right Wing Time % Phy DF OF
1 Dawson Mercer Noah Gregor Dillon Dube 60 0 0 5
2 Ryan McLeod Filip Zadina Joey Anderson 40 0 1 4
PowerPlay Defense
Defense Defense Time % Phy DF OF
1 Dysin Mayo Josh Mahura 60 0 1 4
2 Brett Kulak Gabriel Carlsson 40 0 1 4
Penalty Kill 4 Players Forward
Center Wing Time % Phy DF OF
1 Ryan McLeod Noah Gregor 60 1 4 0
2 Dawson Mercer Dillon Dube 40 1 4 0
Penalty Kill 4 Players Defense
Defense Defense Time % Phy DF OF
1 Dysin Mayo Jack Johnson 60 1 4 0
2 Brett Kulak Libor Hajek 40 1 4 0
Penalty Kill - 3 Players Forward
Forward Time % Phy DF OF
1 Ryan McLeod 60 1 4 0
2 Noah Gregor 40 1 4 0
Penalty Kill - 3 Players Defense
Defense Defense Time % Phy DF OF
1 Dysin Mayo Jack Johnson 60 1 4 0
2 Brett Kulak Libor Hajek 40 1 4 0
4 vs 4 Forward
Center Wing Time % Phy DF OF
1 Ryan McLeod Dillon Dube 60 0 2 3
2 Dawson Mercer Noah Gregor 40 0 2 3
4 vs 4 Defense
Defense Defense Time % Phy DF OF
1 Dysin Mayo Jack Johnson 60 0 3 2
2 Brett Kulak Josh Mahura 40 0 2 3
Last Minutes Offensive
Center Left Wing Right Wing Defense Defense
Ryan McLeod Dillon Dube Dawson Mercer Dysin Mayo Jack Johnson
Last Minutes Defensive
Center Left Wing Right Wing Defense Defense
Ryan McLeod Noah Gregor Dillon Dube Dysin Mayo Jack Johnson
Goaltenders
Starting : Karel Vejmelka
Backup : Adam Huska
Extra Forwards
Normal : Nikita Alexandrov, Connor McMichael, Julien Gauthier - PP : Nikita Alexandrov, Connor McMichael - PK : Julien Gauthier
Extra Defensemen
Normal : Libor Hajek, Josh Mahura, Brett Kulak - PP : Libor Hajek - PK : Josh Mahura, Brett Kulak
Penalty Shots
Dawson Mercer, Dillon Dube, Noah Gregor, Filip Zadina, Ryan McLeod
Santa Cruz Tiger Sharks
5 vs 5 Forward
Center Left Wing Right Wing Time % Phy DF OF
1 Jack Roslovic Travis Boyd Kailer Yamamoto 40 1 2 2
2 Michael McLeod Zach Sanford Jesper Boqvist 30 1 2 2
3 Kevin Rooney Kieffer Bellows Alexander Volkov 20 1 2 2
4 David Gustafsson Evgeny Svechnikov Carter Rowney 10 1 2 2
5 vs 5 Defense
Defense Defense Time % Phy DF OF
1 Tobias Bjornfot Austin Strand 40 1 2 2
2 Calle Rosen Sean Day 30 1 2 2
3 Kristians Rubins Hunter Drew 20 1 2 2
4 Tobias Bjornfot Austin Strand 10 1 2 2
PowerPlay Forward
Center Left Wing Right Wing Time % Phy DF OF
1 Jack Roslovic Travis Boyd Kailer Yamamoto 60 1 2 2
2 Michael McLeod Zach Sanford Jesper Boqvist 40 1 2 2
PowerPlay Defense
Defense Defense Time % Phy DF OF
1 Tobias Bjornfot Austin Strand 60 1 2 2
2 Calle Rosen Sean Day 40 1 2 2
Penalty Kill 4 Players Forward
Center Wing Time % Phy DF OF
1 Jack Roslovic Kailer Yamamoto 60 1 2 2
2 Michael McLeod Travis Boyd 40 1 2 2
Penalty Kill 4 Players Defense
Defense Defense Time % Phy DF OF
1 Tobias Bjornfot Austin Strand 60 1 2 2
2 Calle Rosen Sean Day 40 1 2 2
Penalty Kill - 3 Players Forward
Forward Time % Phy DF OF
1 Jack Roslovic 60 1 2 2
2 Kailer Yamamoto 40 1 2 2
Penalty Kill - 3 Players Defense
Defense Defense Time % Phy DF OF
1 Tobias Bjornfot Austin Strand 60 1 2 2
2 Calle Rosen Sean Day 40 1 2 2
4 vs 4 Forward
Center Wing Time % Phy DF OF
1 Jack Roslovic Kailer Yamamoto 60 1 2 2
2 Michael McLeod Travis Boyd 40 1 2 2
4 vs 4 Defense
Defense Defense Time % Phy DF OF
1 Tobias Bjornfot Austin Strand 60 1 2 2
2 Calle Rosen Sean Day 40 1 2 2
Last Minutes Offensive
Center Left Wing Right Wing Defense Defense
Jack Roslovic Travis Boyd Kailer Yamamoto Tobias Bjornfot Austin Strand
Last Minutes Defensive
Center Left Wing Right Wing Defense Defense
Jack Roslovic Travis Boyd Kailer Yamamoto Tobias Bjornfot Austin Strand
Goaltenders
Starting : Carter Hart
Backup : Mikhail Berdin
Extra Forwards
Normal : David Gustafsson, Kevin Rooney, Alexander Volkov - PP : David Gustafsson, Kevin Rooney - PK : Alexander Volkov
Extra Defensemen
Normal : Kristians Rubins, Hunter Drew, Calle Rosen - PP : Kristians Rubins - PK : Hunter Drew, Calle Rosen
Penalty Shots
Jack Roslovic, Kailer Yamamoto, Michael McLeod, Travis Boyd, Zach Sanford
% Time on Ice - Edmonton Oil Kings
Lines # - Real PCT - Wanted PCT - Time Play
Normal Forward
1 - 35% - 40% - 16:27
2 - 26% - 30% - 12:17
3 - 22% - 20% - 10:25
4 - 18% - 10% - 8:20
Normal Defense
1 - 39% - 40% - 18:37
2 - 43% - 40% - 20:28
3 - 18% - 20% - 8:20
4 - 0% - 0% - 0:04
PP Forward
1 - 54% - 60% - 3:34
2 - 46% - 40% - 3:00
PP Defense
1 - 57% - 60% - 3:43
2 - 43% - 40% - 2:51
PK Forward
1 - 88% - 60% - 5:15
2 - 12% - 40% - 0:42
PK Defense
1 - 62% - 60% - 3:40
2 - 38% - 40% - 2:17
PK3 Forward
1 - 0% - 60%
2 - 0% - 40%
PK3 Defense
1 - 0% - 60%
2 - 0% - 40%
44 Forward
1 - 0% - 60%
2 - 0% - 40%
44 Defense
1 - 0% - 60%
2 - 0% - 40%
Last Minute Offensive - 0:00
Last Minute Defensive - 0:00
Total
Forward - 60:00
Defense - 60:00
|
% Time on Ice - Santa Cruz Tiger Sharks
Lines # - Real PCT - Wanted PCT - Time Play
Normal Forward
1 - 34% - 40% - 15:55
2 - 25% - 30% - 11:46
3 - 24% - 20% - 11:11
4 - 18% - 10% - 8:37
Normal Defense
1 - 40% - 40% - 18:54
2 - 33% - 30% - 15:30
3 - 23% - 20% - 11:08
4 - 4% - 10% - 1:57
PP Forward
1 - 52% - 60% - 3:04
2 - 48% - 40% - 2:53
PP Defense
1 - 56% - 60% - 3:21
2 - 44% - 40% - 2:36
PK Forward
1 - 73% - 60% - 4:46
2 - 27% - 40% - 1:48
PK Defense
1 - 70% - 60% - 4:37
2 - 30% - 40% - 1:57
PK3 Forward
1 - 0% - 60%
2 - 0% - 40%
PK3 Defense
1 - 0% - 60%
2 - 0% - 40%
44 Forward
1 - 0% - 60%
2 - 0% - 40%
44 Defense
1 - 0% - 60%
2 - 0% - 40%
Last Minute Offensive - 0:00
Last Minute Defensive - 0:00
Total
Forward - 60:00
Defense - 60:00
|
Play-by-Play
1st period
0:01 of 1st period - Ryan McLeod wins face-off versus Jack Roslovic in neutral zone.
0:53 of 1st period - Snap shot by Ryan McLeod.
0:53 of 1st period - Shot Misses the Net.
0:55 of 1st period - Slapshot by Ryan McLeod.
0:55 of 1st period - Shot Blocked by Michael McLeod.
0:57 of 1st period - Snap shot by Dysin Mayo.
0:57 of 1st period - Deflect By Ryan McLeod.
0:57 of 1st period - Stopped by Carter Hart without a rebound.
0:58 of 1st period - Michael McLeod wins face-off versus Dylan Holloway in Santa Cruz Tiger Sharks zone.
1:18 of 1st period - Wrist shot by Zach Sanford.
1:18 of 1st period - Stopped by Karel Vejmelka with a rebound.
1:24 of 1st period - Dillon Dube is hit by Zach Sanford and loses puck.
1:35 of 1st period - Wrist shot by Dillon Dube.
1:35 of 1st period - Shot Blocked by Calle Rosen.
1:39 of 1st period - Snap shot by Dillon Dube.
1:39 of 1st period - Shot Blocked by Calle Rosen.
1:54 of 1st period - Minor Penalty to Michael McLeod for Roughing.
1:55 of 1st period - Jack Roslovic wins face-off versus Filip Zadina in Santa Cruz Tiger Sharks zone.
2:09 of 1st period - Wrist shot by Ryan McLeod.
2:09 of 1st period - Goal by Ryan McLeod - Edmonton Oil Kings : 1 - Santa Cruz Tiger Sharks : 0.
2:10 of 1st period - Jack Roslovic wins face-off versus Tyler Angle in neutral zone.
2:36 of 1st period - Icing by Morgan Barron.
2:37 of 1st period - Tyler Angle wins face-off versus David Gustafsson in Edmonton Oil Kings zone.
3:02 of 1st period - Josh Mahura is hit by Kailer Yamamoto and loses puck.
3:07 of 1st period - Snap shot by Jack Roslovic.
3:07 of 1st period - Shot Blocked by Ryan McLeod.
4:01 of 1st period - Icing by Dysin Mayo.
4:02 of 1st period - David Gustafsson wins face-off versus Connor McMichael in Edmonton Oil Kings zone.
4:11 of 1st period - Snap shot by Carter Rowney.
4:11 of 1st period - Shot Blocked by Julien Gauthier.
4:55 of 1st period - Wrist shot by Alexander Volkov.
4:55 of 1st period - Stopped by Karel Vejmelka with a rebound.
4:57 of 1st period - Slapshot by Tobias Bjornfot.
4:57 of 1st period - Stopped by Karel Vejmelka without a rebound.
4:58 of 1st period - Jesper Boqvist wins face-off versus Ryan McLeod in Edmonton Oil Kings zone.
5:01 of 1st period - Snap shot by Zach Sanford.
5:01 of 1st period - Shot Blocked by Josh Mahura.
5:03 of 1st period - Slapshot by Calle Rosen.
5:03 of 1st period - Shot Blocked by Libor Hajek.
5:52 of 1st period - Snap shot by Joey Anderson.
5:52 of 1st period - Shot Misses the Net.
5:54 of 1st period - Minor Penalty to Hunter Drew for Tripping.
5:55 of 1st period - Kailer Yamamoto wins face-off versus Dillon Dube in Santa Cruz Tiger Sharks zone.
6:16 of 1st period - Tobias Bjornfot is hit by Dillon Dube.
6:30 of 1st period - Slapshot by Travis Boyd.
6:30 of 1st period - Shot Blocked by Brett Kulak.
6:32 of 1st period - Slapshot by Austin Strand.
6:32 of 1st period - Shot Blocked by Gabriel Carlsson.
6:34 of 1st period - Slapshot by Austin Strand.
6:34 of 1st period - Stopped by Karel Vejmelka without a rebound.
6:35 of 1st period - Ryan McLeod wins face-off versus Jack Roslovic in Edmonton Oil Kings zone.
6:48 of 1st period - Wrist shot by Ryan McLeod.
6:48 of 1st period - Shot Blocked by Jack Roslovic.
6:50 of 1st period - Snap shot by Dysin Mayo.
6:50 of 1st period - Shot Blocked by Sean Day.
7:54 of 1st period - Penalty to Hunter Drew is over, Hunter Drew is back on ice.
8:05 of 1st period - Wrist shot by Evgeny Svechnikov.
8:05 of 1st period - Stopped by Karel Vejmelka without a rebound.
8:06 of 1st period - Kevin Rooney wins face-off versus Nikita Alexandrov in Edmonton Oil Kings zone.
8:07 of 1st period - Snap shot by Kieffer Bellows.
8:07 of 1st period - Shot Misses the Net.
8:09 of 1st period - Slapshot by Hunter Drew.
8:09 of 1st period - Deflect By Kieffer Bellows.
8:09 of 1st period - Stopped by Karel Vejmelka with a rebound.
8:11 of 1st period - Slapshot by Kristians Rubins.
8:11 of 1st period - Stopped by Karel Vejmelka without a rebound.
8:12 of 1st period - Ryan McLeod wins face-off versus Kevin Rooney in Edmonton Oil Kings zone.
8:36 of 1st period - Minor Penalty to Hunter Drew for Tripping.
8:37 of 1st period - Dawson Mercer wins face-off versus Jack Roslovic in Santa Cruz Tiger Sharks zone.
8:39 of 1st period - Wrist shot by Dawson Mercer.
8:39 of 1st period - Shot Blocked by Austin Strand.
8:41 of 1st period - Snap shot by Dysin Mayo.
8:41 of 1st period - Goal by Dysin Mayo - Edmonton Oil Kings : 2 - Santa Cruz Tiger Sharks : 0.
8:42 of 1st period - Ryan McLeod wins face-off versus Jack Roslovic in neutral zone.
8:47 of 1st period - Slapshot by Dawson Mercer.
8:47 of 1st period - Goal by Dawson Mercer - Edmonton Oil Kings : 3 - Santa Cruz Tiger Sharks : 0.
8:48 of 1st period - Dylan Holloway wins face-off versus Jack Roslovic in neutral zone.
9:01 of 1st period - Snap shot by Travis Boyd.
9:01 of 1st period - Stopped by Karel Vejmelka with a rebound.
9:03 of 1st period - Slapshot by Jack Roslovic.
9:03 of 1st period - Shot Misses the Net.
9:25 of 1st period - Wrist shot by Noah Gregor.
9:25 of 1st period - Shot Misses the Net.
9:43 of 1st period - Wrist shot by Filip Zadina.
9:43 of 1st period - Stopped by Carter Hart with a rebound.
9:45 of 1st period - Snap shot by Dawson Mercer.
9:45 of 1st period - Stopped by Carter Hart without a rebound.
9:46 of 1st period - Jack Roslovic wins face-off versus Ryan McLeod in Santa Cruz Tiger Sharks zone.
9:53 of 1st period - Snap shot by Jack Roslovic.
9:53 of 1st period - Shot Misses the Net.
9:59 of 1st period - Slapshot by Ryan McLeod.
9:59 of 1st period - Shot Blocked by Tobias Bjornfot.
10:01 of 1st period - Slapshot by Brett Kulak.
10:01 of 1st period - Shot Misses the Net.
10:18 of 1st period - Wrist shot by Joey Anderson.
10:18 of 1st period - Shot Misses the Net.
10:20 of 1st period - Snap shot by Joey Anderson.
10:20 of 1st period - Shot Blocked by Tobias Bjornfot.
10:52 of 1st period - Slapshot by Carter Rowney.
10:52 of 1st period - Stopped by Karel Vejmelka without a rebound.
10:53 of 1st period - David Gustafsson wins face-off versus Ryan McLeod in Edmonton Oil Kings zone.
11:08 of 1st period - Slapshot by Filip Zadina.
11:08 of 1st period - Shot Blocked by David Gustafsson.
12:04 of 1st period - Snap shot by Dawson Mercer.
12:04 of 1st period - Shot Misses the Net.
12:06 of 1st period - Slapshot by Jack Johnson.
12:06 of 1st period - Stopped by Carter Hart with a rebound.
12:26 of 1st period - Wrist shot by Connor McMichael.
12:26 of 1st period - Stopped by Carter Hart without a rebound.
12:27 of 1st period - Jack Roslovic wins face-off versus Ryan McLeod in Santa Cruz Tiger Sharks zone.
13:04 of 1st period - Snap shot by Dillon Dube.
13:04 of 1st period - Stopped by Carter Hart without a rebound.
13:05 of 1st period - Tyler Angle wins face-off versus Jack Roslovic in Santa Cruz Tiger Sharks zone.
13:06 of 1st period - Snap shot by Joey Anderson.
13:06 of 1st period - Stopped by Carter Hart without a rebound.
13:07 of 1st period - Jack Roslovic wins face-off versus Tyler Angle in Santa Cruz Tiger Sharks zone.
13:22 of 1st period - Snap shot by Joey Anderson.
13:22 of 1st period - Shot Blocked by Austin Strand.
13:34 of 1st period - Jack Johnson is hit by Alexander Volkov and loses puck.
13:42 of 1st period - Off-side.
13:43 of 1st period - Michael McLeod wins face-off versus Ryan McLeod in neutral zone.
13:46 of 1st period - Brett Kulak is hit by Michael McLeod and loses puck.
13:55 of 1st period - Slapshot by Zach Sanford.
13:55 of 1st period - Shot Blocked by Dawson Mercer.
14:13 of 1st period - Off-side.
14:14 of 1st period - Dylan Holloway wins face-off versus Jack Roslovic in neutral zone.
14:39 of 1st period - Hunter Drew is hit by Jack Johnson and loses puck.
14:48 of 1st period - Slapshot by Zach Sanford.
14:48 of 1st period - Shot Misses the Net.
15:06 of 1st period - Tobias Bjornfot is hit by Morgan Barron and loses puck.
15:28 of 1st period - Snap shot by Jack Roslovic.
15:28 of 1st period - Shot Blocked by Gabriel Carlsson.
15:30 of 1st period - Wrist shot by Kailer Yamamoto.
15:30 of 1st period - Shot Misses the Net.
15:32 of 1st period - Wrist shot by Tobias Bjornfot.
15:32 of 1st period - Deflect By Brett Kulak.
15:32 of 1st period - Stopped by Karel Vejmelka with a rebound.
15:42 of 1st period - Snap shot by Noah Gregor.
15:42 of 1st period - Shot Misses the Net.
15:44 of 1st period - Snap shot by Dawson Mercer.
15:44 of 1st period - Deflect By Filip Zadina.
15:44 of 1st period - Stopped by Carter Hart without a rebound.
15:45 of 1st period - Alexander Volkov wins face-off versus Ryan McLeod in Santa Cruz Tiger Sharks zone.
18:36 of 1st period - Snap shot by Connor McMichael.
18:36 of 1st period - Shot Misses the Net.
18:38 of 1st period - Slapshot by Gabriel Carlsson.
18:38 of 1st period - Shot Blocked by Kailer Yamamoto.
18:40 of 1st period - Snap shot by Nikita Alexandrov.
18:40 of 1st period - Shot Misses the Net.
18:54 of 1st period - Snap shot by Jesper Boqvist.
18:54 of 1st period - Deflect By Dylan Holloway.
18:54 of 1st period - Stopped by Karel Vejmelka with a rebound.
19:14 of 1st period - Slapshot by Carter Rowney.
19:14 of 1st period - Shot Blocked by Dysin Mayo.
19:48 of 1st period - Wrist shot by Connor McMichael.
19:48 of 1st period - Shot Misses the Net.
Goals for this period are 3 for Edmonton Oil Kings vs 0 for Santa Cruz Tiger Sharks.
Shots for this period are 11 for Edmonton Oil Kings vs 11 for Santa Cruz Tiger Sharks.
2nd period
0:01 of 2nd period - Jack Roslovic wins face-off versus Ryan McLeod in neutral zone.
0:26 of 2nd period - Zach Sanford is hit by Dylan Holloway.
1:14 of 2nd period - Snap shot by Julien Gauthier.
1:14 of 2nd period - Shot Misses the Net.
1:16 of 2nd period - Wrist shot by Julien Gauthier.
1:16 of 2nd period - Stopped by Carter Hart with a rebound.
1:30 of 2nd period - Travis Boyd is hit by Filip Zadina.
1:34 of 2nd period - Snap shot by Travis Boyd.
1:34 of 2nd period - Stopped by Karel Vejmelka with a rebound.
1:36 of 2nd period - Slapshot by Hunter Drew.
1:36 of 2nd period - Deflect By Kailer Yamamoto.
1:36 of 2nd period - Shot Misses the Net.
1:36 of 2nd period - Puck is out of play.
1:37 of 2nd period - Ryan McLeod wins face-off versus Travis Boyd in Edmonton Oil Kings zone.
2:27 of 2nd period - Jack Johnson is hit by Alexander Volkov.
2:37 of 2nd period - Austin Strand is hit by Dylan Holloway and loses puck.
3:18 of 2nd period - Wrist shot by Carter Rowney.
3:18 of 2nd period - Stopped by Karel Vejmelka with a rebound.
3:20 of 2nd period - Snap shot by David Gustafsson.
3:20 of 2nd period - Deflect By Evgeny Svechnikov.
3:20 of 2nd period - Shot Misses the Net.
3:20 of 2nd period - Puck is out of play.
3:21 of 2nd period - Jack Roslovic wins face-off versus Dylan Holloway in Edmonton Oil Kings zone.
3:28 of 2nd period - Wrist shot by Kailer Yamamoto.
3:28 of 2nd period - Goal by Kailer Yamamoto - Edmonton Oil Kings : 3 - Santa Cruz Tiger Sharks : 1.
3:29 of 2nd period - Ryan McLeod wins face-off versus Jack Roslovic in neutral zone.
3:43 of 2nd period - Snap shot by Ryan McLeod.
3:43 of 2nd period - Deflect By Dawson Mercer.
3:43 of 2nd period - Shot Misses the Net.
3:43 of 2nd period - Puck is out of play.
3:44 of 2nd period - Michael McLeod wins face-off versus Dylan Holloway in Santa Cruz Tiger Sharks zone.
3:44 of 2nd period - Michael McLeod is hit by Dillon Dube.
4:16 of 2nd period - Wrist shot by Filip Zadina.
4:16 of 2nd period - Shot Blocked by Kailer Yamamoto.
4:18 of 2nd period - Snap shot by Dawson Mercer.
4:18 of 2nd period - Goal by Dawson Mercer - Edmonton Oil Kings : 4 - Santa Cruz Tiger Sharks : 1.
4:18 of 2nd period - Mikhail Berdin enters game.
4:19 of 2nd period - Jack Roslovic wins face-off versus Ryan McLeod in neutral zone.
4:30 of 2nd period - Snap shot by Ryan McLeod.
4:30 of 2nd period - Stopped by Mikhail Berdin without a rebound.
4:31 of 2nd period - Jack Roslovic wins face-off versus Dawson Mercer in Santa Cruz Tiger Sharks zone.
4:45 of 2nd period - Wrist shot by Travis Boyd.
4:45 of 2nd period - Shot Misses the Net.
4:57 of 2nd period - Gabriel Carlsson is hit by Zach Sanford and loses puck.
5:13 of 2nd period - Icing by Dysin Mayo.
5:14 of 2nd period - Tyler Angle wins face-off versus Kevin Rooney in Edmonton Oil Kings zone.
5:22 of 2nd period - Wrist shot by Alexander Volkov.
5:22 of 2nd period - Shot Hit the Post.
5:24 of 2nd period - Snap shot by Kevin Rooney.
5:24 of 2nd period - Stopped by Karel Vejmelka without a rebound.
5:25 of 2nd period - Jack Roslovic wins face-off versus Ryan McLeod in Edmonton Oil Kings zone.
5:32 of 2nd period - Wrist shot by Jack Roslovic.
5:32 of 2nd period - Shot Misses the Net.
5:34 of 2nd period - Snap shot by Travis Boyd.
5:34 of 2nd period - Shot Blocked by Filip Zadina.
5:36 of 2nd period - Snap shot by Kailer Yamamoto.
5:36 of 2nd period - Shot Misses the Net.
6:09 of 2nd period - Backhand shot by Evgeny Svechnikov.
6:09 of 2nd period - Shot Misses the Net.
6:11 of 2nd period - Wrist shot by David Gustafsson.
6:11 of 2nd period - Goal by David Gustafsson - Edmonton Oil Kings : 4 - Santa Cruz Tiger Sharks : 2.
6:12 of 2nd period - Ryan McLeod wins face-off versus Kailer Yamamoto in neutral zone.
6:15 of 2nd period - Snap shot by Filip Zadina.
6:15 of 2nd period - Shot Blocked by Tobias Bjornfot.
6:17 of 2nd period - Slapshot by Dysin Mayo.
6:17 of 2nd period - Stopped by Mikhail Berdin with a rebound.
6:19 of 2nd period - Snap shot by Dawson Mercer.
6:19 of 2nd period - Goal by Dawson Mercer - Edmonton Oil Kings : 5 - Santa Cruz Tiger Sharks : 2.
6:20 of 2nd period - Jack Roslovic wins face-off versus Ryan McLeod in neutral zone.
6:41 of 2nd period - Minor Penalty to Jack Johnson for Hooking.
6:42 of 2nd period - Jack Roslovic wins face-off versus Ryan McLeod in Edmonton Oil Kings zone.
7:15 of 2nd period - Wrist shot by Zach Sanford.
7:15 of 2nd period - Shot Blocked by Dysin Mayo.
7:17 of 2nd period - Wrist shot by Michael McLeod.
7:17 of 2nd period - Shot Misses the Net.
8:24 of 2nd period - Icing by Michael McLeod.
8:25 of 2nd period - Michael McLeod wins face-off versus Dawson Mercer in Santa Cruz Tiger Sharks zone.
8:41 of 2nd period - Penalty to Jack Johnson is over, Jack Johnson is back on ice.
8:51 of 2nd period - Libor Hajek is hit by Kieffer Bellows and loses puck.
9:31 of 2nd period - Travis Boyd is hit by Jack Johnson and loses puck.
9:56 of 2nd period - Wrist shot by Alexander Volkov.
9:56 of 2nd period - Shot Misses the Net.
10:32 of 2nd period - Joey Anderson is hit by Zach Sanford and loses puck.
10:43 of 2nd period - Snap shot by Jack Roslovic.
10:43 of 2nd period - Stopped by Karel Vejmelka with a rebound.
10:45 of 2nd period - Snap shot by Kailer Yamamoto.
10:45 of 2nd period - Goal by Kailer Yamamoto - Edmonton Oil Kings : 5 - Santa Cruz Tiger Sharks : 3.
10:46 of 2nd period - Ryan McLeod wins face-off versus Jack Roslovic in neutral zone.
10:51 of 2nd period - Snap shot by Filip Zadina.
10:51 of 2nd period - Shot Misses the Net.
11:01 of 2nd period - Tobias Bjornfot is hit by Josh Mahura and loses puck.
11:07 of 2nd period - Icing by Kailer Yamamoto.
11:08 of 2nd period - Jack Roslovic wins face-off versus Dylan Holloway in Santa Cruz Tiger Sharks zone.
11:20 of 2nd period - Slapshot by Travis Boyd.
11:20 of 2nd period - Shot Misses the Net.
11:34 of 2nd period - Kailer Yamamoto is hit by Dysin Mayo and loses puck.
12:02 of 2nd period - Icing by Nikita Alexandrov.
12:03 of 2nd period - Julien Gauthier wins face-off versus Michael McLeod in Edmonton Oil Kings zone.
12:36 of 2nd period - Snap shot by Julien Gauthier.
12:36 of 2nd period - Shot Misses the Net.
12:38 of 2nd period - Snap shot by Nikita Alexandrov.
12:38 of 2nd period - Shot Misses the Net.
12:40 of 2nd period - Backhand shot by Connor McMichael.
12:40 of 2nd period - Shot Misses the Net.
12:42 of 2nd period - Snap shot by Nikita Alexandrov.
12:42 of 2nd period - Stopped by Mikhail Berdin without a rebound.
12:43 of 2nd period - Kevin Rooney wins face-off versus Ryan McLeod in Santa Cruz Tiger Sharks zone.
12:52 of 2nd period - Ryan McLeod is hit by Hunter Drew and loses puck.
13:09 of 2nd period - Dillon Dube is hit by Evgeny Svechnikov and loses puck.
13:36 of 2nd period - Tyler Angle is hit by Jack Roslovic and loses puck.
14:13 of 2nd period - Snap shot by Noah Gregor.
14:13 of 2nd period - Shot Blocked by Sean Day.
14:33 of 2nd period - Wrist shot by Connor McMichael.
14:33 of 2nd period - Stopped by Mikhail Berdin with a rebound.
14:41 of 2nd period - Minor Penalty to Kieffer Bellows for Tripping.
14:42 of 2nd period - Dawson Mercer wins face-off versus Jack Roslovic in Santa Cruz Tiger Sharks zone.
14:47 of 2nd period - Snap shot by Dillon Dube.
14:47 of 2nd period - Shot Misses the Net.
14:49 of 2nd period - Slapshot by Dysin Mayo.
14:49 of 2nd period - Stopped by Mikhail Berdin with a rebound.
15:27 of 2nd period - Jack Roslovic is hit by Dillon Dube and loses puck.
16:10 of 2nd period - Travis Boyd is hit by Josh Mahura and loses puck.
16:21 of 2nd period - Ryan McLeod is hit by Zach Sanford and loses puck.
16:34 of 2nd period - Gabriel Carlsson is hit by Sean Day and loses puck.
16:41 of 2nd period - Penalty to Kieffer Bellows is over, Kieffer Bellows is back on ice.
16:49 of 2nd period - Wrist shot by Julien Gauthier.
16:49 of 2nd period - Deflect By Connor McMichael.
16:49 of 2nd period - Deflect By Alexander Volkov.
16:49 of 2nd period - Shot Blocked by Sean Day.
16:49 of 2nd period - Puck is out of play.
16:50 of 2nd period - David Gustafsson wins face-off versus Nikita Alexandrov in Santa Cruz Tiger Sharks zone.
17:15 of 2nd period - Jack Johnson is hit by Hunter Drew and loses puck.
17:36 of 2nd period - Snap shot by Michael McLeod.
17:36 of 2nd period - Shot Misses the Net.
17:38 of 2nd period - Wrist shot by Jesper Boqvist.
17:38 of 2nd period - Shot Blocked by Jack Johnson.
17:40 of 2nd period - Slapshot by Hunter Drew.
17:40 of 2nd period - Shot Misses the Net.
18:23 of 2nd period - Wrist shot by Zach Sanford.
18:23 of 2nd period - Stopped by Karel Vejmelka with a rebound.
18:25 of 2nd period - Snap shot by Michael McLeod.
18:25 of 2nd period - Goal by Michael McLeod - Edmonton Oil Kings : 5 - Santa Cruz Tiger Sharks : 4.
18:26 of 2nd period - Travis Boyd wins face-off versus Ryan McLeod in neutral zone.
18:26 of 2nd period - Travis Boyd is hit by Brett Kulak.
18:41 of 2nd period - Minor Penalty to Travis Boyd for Holding.
18:42 of 2nd period - Jack Roslovic wins face-off versus Dawson Mercer in Santa Cruz Tiger Sharks zone.
19:56 of 2nd period - Joey Anderson is hit by Kailer Yamamoto.
Goals for this period are 2 for Edmonton Oil Kings vs 4 for Santa Cruz Tiger Sharks.
Shots for this period are 8 for Edmonton Oil Kings vs 9 for Santa Cruz Tiger Sharks.
3rd period
0:01 of 3rd period - Jack Roslovic wins face-off versus Dawson Mercer in neutral zone.
0:41 of 3rd period - Penalty to Travis Boyd is over, Travis Boyd is back on ice.
1:31 of 3rd period - Carter Rowney is hit by Dillon Dube and loses puck.
2:00 of 3rd period - Calle Rosen is hit by Joey Anderson and loses puck.
2:19 of 3rd period - Snap shot by David Gustafsson.
2:19 of 3rd period - Stopped by Karel Vejmelka with a rebound.
2:21 of 3rd period - Slapshot by Calle Rosen.
2:21 of 3rd period - Stopped by Karel Vejmelka without a rebound.
2:22 of 3rd period - Jack Roslovic wins face-off versus Ryan McLeod in Edmonton Oil Kings zone.
2:23 of 3rd period - Wrist shot by Travis Boyd.
2:23 of 3rd period - Shot Blocked by Dawson Mercer.
2:25 of 3rd period - Wrist shot by Kailer Yamamoto.
2:25 of 3rd period - Goal by Kailer Yamamoto - Edmonton Oil Kings : 5 - Santa Cruz Tiger Sharks : 5.
2:26 of 3rd period - Ryan McLeod wins face-off versus Jack Roslovic in neutral zone.
2:35 of 3rd period - Slapshot by Tobias Bjornfot.
2:35 of 3rd period - Shot Misses the Net.
2:37 of 3rd period - Wrist shot by Jack Roslovic.
2:37 of 3rd period - Stopped by Karel Vejmelka without a rebound.
2:38 of 3rd period - Jack Roslovic wins face-off versus Ryan McLeod in Edmonton Oil Kings zone.
2:39 of 3rd period - Wrist shot by Travis Boyd.
2:39 of 3rd period - Shot Misses the Net.
2:41 of 3rd period - Wrist shot by Jack Roslovic.
2:41 of 3rd period - Shot Misses the Net.
5:07 of 3rd period - Joey Anderson is hit by Evgeny Svechnikov and loses puck.
5:33 of 3rd period - Icing by Travis Boyd.
5:34 of 3rd period - Ryan McLeod wins face-off versus Jack Roslovic in Santa Cruz Tiger Sharks zone.
5:47 of 3rd period - Wrist shot by Ryan McLeod.
5:47 of 3rd period - Goal by Ryan McLeod - Edmonton Oil Kings : 6 - Santa Cruz Tiger Sharks : 5.
5:48 of 3rd period - Ryan McLeod wins face-off versus Jack Roslovic in neutral zone.
5:55 of 3rd period - Austin Strand is hit by Ryan McLeod and loses puck.
6:16 of 3rd period - Snap shot by Jesper Boqvist.
6:16 of 3rd period - Deflect By Noah Gregor.
6:16 of 3rd period - Shot Misses the Net.
6:16 of 3rd period - Puck is out of play.
6:17 of 3rd period - Dylan Holloway wins face-off versus Michael McLeod in Edmonton Oil Kings zone.
6:28 of 3rd period - Wrist shot by Dillon Dube.
6:28 of 3rd period - Shot Misses the Net.
6:30 of 3rd period - Snap shot by Dylan Holloway.
6:30 of 3rd period - Stopped by Mikhail Berdin with a rebound.
6:32 of 3rd period - Slapshot by Gabriel Carlsson.
6:32 of 3rd period - Stopped by Mikhail Berdin with a rebound.
6:42 of 3rd period - Snap shot by Dawson Mercer.
6:42 of 3rd period - Shot Misses the Net.
6:44 of 3rd period - Wrist shot by Ryan McLeod.
6:44 of 3rd period - Stopped by Mikhail Berdin without a rebound.
6:45 of 3rd period - Ryan McLeod wins face-off versus Kevin Rooney in Santa Cruz Tiger Sharks zone.
8:14 of 3rd period - Slapshot by Sean Day.
8:14 of 3rd period - Stopped by Karel Vejmelka without a rebound.
8:15 of 3rd period - Ryan McLeod wins face-off versus Kevin Rooney in Edmonton Oil Kings zone.
8:19 of 3rd period - Off-side.
8:20 of 3rd period - Ryan McLeod wins face-off versus Jack Roslovic in neutral zone.
8:25 of 3rd period - Slapshot by Dawson Mercer.
8:25 of 3rd period - Stopped by Mikhail Berdin with a rebound.
9:06 of 3rd period - Slapshot by Kieffer Bellows.
9:06 of 3rd period - Stopped by Karel Vejmelka without a rebound.
9:07 of 3rd period - Kevin Rooney wins face-off versus Tyler Angle in Edmonton Oil Kings zone.
9:41 of 3rd period - Wrist shot by Dawson Mercer.
9:41 of 3rd period - Shot Misses the Net.
9:55 of 3rd period - Jesper Boqvist is hit by Noah Gregor.
10:04 of 3rd period - Off-side.
10:05 of 3rd period - Tyler Angle wins face-off versus Kevin Rooney in neutral zone.
10:08 of 3rd period - Slapshot by Brett Kulak.
10:08 of 3rd period - Stopped by Mikhail Berdin without a rebound.
10:09 of 3rd period - Tyler Angle wins face-off versus Kevin Rooney in Santa Cruz Tiger Sharks zone.
10:12 of 3rd period - Wrist shot by Morgan Barron.
10:12 of 3rd period - Stopped by Mikhail Berdin without a rebound.
10:13 of 3rd period - Tyler Angle wins face-off versus Kevin Rooney in Santa Cruz Tiger Sharks zone.
10:14 of 3rd period - Wrist shot by Joey Anderson.
10:14 of 3rd period - Stopped by Mikhail Berdin with a rebound.
10:16 of 3rd period - Wrist shot by Tyler Angle.
10:16 of 3rd period - Stopped by Mikhail Berdin with a rebound.
10:29 of 3rd period - Minor Penalty to Brett Kulak for Slashing.
10:30 of 3rd period - Ryan McLeod wins face-off versus Jack Roslovic in Edmonton Oil Kings zone.
11:07 of 3rd period - Wrist shot by Jesper Boqvist.
11:07 of 3rd period - Shot Misses the Net.
11:52 of 3rd period - Josh Mahura is hit by Michael McLeod.
12:29 of 3rd period - Penalty to Brett Kulak is over, Brett Kulak is back on ice.
12:35 of 3rd period - Connor McMichael is hit by David Gustafsson and loses puck.
12:46 of 3rd period - Wrist shot by Joey Anderson.
12:46 of 3rd period - Stopped by Mikhail Berdin with a rebound.
12:48 of 3rd period - Slapshot by Gabriel Carlsson.
12:48 of 3rd period - Shot Misses the Net.
12:50 of 3rd period - Slapshot by Gabriel Carlsson.
12:50 of 3rd period - Shot Blocked by Kieffer Bellows.
12:52 of 3rd period - Snap shot by Joey Anderson.
12:52 of 3rd period - Shot Misses the Net.
12:54 of 3rd period - Snap shot by Gabriel Carlsson.
12:54 of 3rd period - Stopped by Mikhail Berdin with a rebound.
13:16 of 3rd period - Sean Day is hit by Nikita Alexandrov and loses puck.
13:29 of 3rd period - Snap shot by Noah Gregor.
13:29 of 3rd period - Shot Blocked by Sean Day.
14:22 of 3rd period - Slapshot by Noah Gregor.
14:22 of 3rd period - Stopped by Mikhail Berdin without a rebound.
14:23 of 3rd period - Dylan Holloway wins face-off versus Kevin Rooney in Santa Cruz Tiger Sharks zone.
14:30 of 3rd period - Snap shot by Noah Gregor.
14:30 of 3rd period - Goal by Noah Gregor - Edmonton Oil Kings : 7 - Santa Cruz Tiger Sharks : 5.
14:31 of 3rd period - Ryan McLeod wins face-off versus Jack Roslovic in neutral zone.
15:03 of 3rd period - Snap shot by Noah Gregor.
15:03 of 3rd period - Shot Misses the Net.
15:05 of 3rd period - Snap shot by Dylan Holloway.
15:05 of 3rd period - Goal by Dylan Holloway - Edmonton Oil Kings : 8 - Santa Cruz Tiger Sharks : 5.
15:06 of 3rd period - Jack Roslovic wins face-off versus Ryan McLeod in neutral zone.
15:08 of 3rd period - Minor Penalty to Kailer Yamamoto for Tripping.
15:09 of 3rd period - Dawson Mercer wins face-off versus Jack Roslovic in Santa Cruz Tiger Sharks zone.
15:23 of 3rd period - Slapshot by Dawson Mercer.
15:23 of 3rd period - Stopped by Mikhail Berdin with a rebound.
15:25 of 3rd period - Wrist shot by Noah Gregor.
15:25 of 3rd period - Goal by Noah Gregor - Edmonton Oil Kings : 9 - Santa Cruz Tiger Sharks : 5.
15:26 of 3rd period - Ryan McLeod wins face-off versus Jack Roslovic in neutral zone.
15:53 of 3rd period - Dillon Dube is hit by Austin Strand and loses puck.
17:07 of 3rd period - Minor Penalty to Ryan McLeod for Hooking.
17:08 of 3rd period - Jack Roslovic wins face-off versus Julien Gauthier in Edmonton Oil Kings zone.
17:33 of 3rd period - Jesper Boqvist is hit by Dawson Mercer and loses puck.
18:04 of 3rd period - Libor Hajek is hit by Travis Boyd and loses puck.
19:07 of 3rd period - Penalty to Ryan McLeod is over, Ryan McLeod is back on ice.
Goals for this period are 4 for Edmonton Oil Kings vs 1 for Santa Cruz Tiger Sharks.
Shots for this period are 16 for Edmonton Oil Kings vs 6 for Santa Cruz Tiger Sharks.
Back to the Top